 Dungeon Crawl Stone Soup version 0.31-a0-854-g362426d53f (webtiles) character file.

Game seed: 10441925308958582067

195 Kurtz the Sneak (level 5, -10/49 HPs)
             Began as a Naga Delver on Oct 8, 2023.
             Mangled by an ogre
             ... wielding a +0 giant club
              (27 damage)
             ... on level 4 of the Dungeon.
             The game lasted 00:01:27 (760 turns).

Kurtz the Sneak (Naga Delver)                        Turns: 760, Time: 00:01:28

Health: -10/49     AC:  3    Str: 17    XL:     5   Next: 74%
Magic:  5/5        EV:  9    Int: 10    God:
Gold:   4          SH:  0    Dex: 12    Spells: 4/4 levels left

rFire   . . .        a - +0 hand axe
rCold   . . .        (no shield)
rNeg    . . .        b - +0 leather armour
rPois   +            (no helmet)
rElec   .            (no cloak)
rCorr   .            (no gloves)
SInv    +            (no barding)
Will    .....        (no amulet)
Stlth   +++          (no ring)
HPRegen 0.28/turn    (no ring)
MPRegen 0.09/turn

%: no passive effects
@: weak-willed, hasted, quick
A: AC +1, large, see invisible, deformed body, poison resistance, slowness 2,
spit poison 1, naga tail 1
a: Spit Poison


You were on level 4 of the Dungeon.
You visited 1 branch of the dungeon, and saw 2 of its levels.

You collected 4 gold pieces.

Inventory:

Hand Weapons
 a - a +0 hand axe (weapon)
Missiles
 j - 3 boomerangs
Armour
 b - a +0 leather armour (worn)
Wands
 g - a wand of digging (3)
Scrolls
 c - a scroll of fog
 d - a scroll of revelation
 h - a scroll of vulnerability
 k - a scroll of teleportation {unknown}


   Skills:
 - Level 3.0 Fighting
 * Level 5.8 Axes
 - Level 1.5 Dodging
 - Level 7.2 Stealth


You had 4 spell levels left.
You didn't know any spells.
Your spell library was empty.

Dungeon Overview and Level Annotations

Branches:
Dungeon (5/15)
 Temple: D:4-7

Altars:

Annotations:
D:4 exclusion: 3 orcs


Innate Abilities, Weirdness & Mutations

Your serpentine skin is tough. (AC +1)
You have supernaturally acute eyesight. (SInv)
Armour fits poorly on your strangely shaped body.
Your system is resistant to poisons. (rPois)
You cover ground very slowly.
You can spit poison.
You have a snake-like lower body.


Message History

The phantom hits you.
The phantom blinks!
You blink.
An ogre comes into view. It is wielding a +0 giant club.
You are too injured to fight recklessly!
You are too injured to fight recklessly!
You are too injured to fight recklessly!
Unknown command.
You barely miss the phantom.
The phantom is heavily damaged.
The ogre shouts!
The phantom barely misses you.
You hit the phantom.
The phantom is severely damaged.
The phantom barely misses you.
You hit the phantom but do no damage.
The phantom is severely damaged.
The phantom barely misses you.
You slash the phantom!
The phantom is almost destroyed.
The phantom hits you. The phantom hits you!
The phantom blinks!
You blink.
You closely miss the phantom.
The phantom is almost destroyed.
The phantom hits you.
You slash the phantom!
You destroy the phantom!
You hit the endoplasm.
You kill the endoplasm!
Okay, then.
It was a potion of magic.
Magic courses through your body.
Okay, then.
As you read the scroll of fear, it crumbles to dust.
You assume a fearsome visage.
The ogre looks frightened!
As you read the scroll labelled JIYWON QOANWI, it crumbles to dust.
Your attack snaps the ogre out of its fear.
Magic quickly surges around you.
It was a scroll of vulnerability.
Okay, then.
Unknown command.
You feel yourself speed up.
The ogre hits you with a +0 giant club!!
Ouch! That really hurt!
You die...

### $. ########## .#
#...O@...######.#####.
#.######..............
#.# ######...#####.
#O# #.....# #.#
##...#####. #.#
##........ #.# #ยง###
#.. #.# ##. ##'##


You could see an ogre (weak-willed).

Vanquished Creatures
  A phantom (D:4)
  A scorpion (D:5)
  An iguana (D:5)
  2 adders
  An ufetubus (D:4)
  A worm (D:4)
  2 endoplasms (D:4)
  A hobgoblin (D:4)
  2 jackals (D:4)
12 creatures vanquished.

Notes
Turn   | Place    | Note
-------+----------+-------------------------------------------
     0 | D:5      | Kurtz the Naga Delver began the quest for the Orb.
     0 | D:5      | Reached XP level 1. HP: 21/21 MP: 1/1
    15 | D:5      | Noticed an iguana
    41 | D:5      | Reached XP level 2. HP: 17/28 MP: 2/2
    70 | D:5      | Reached XP level 3. HP: 28/34 MP: 3/3
    95 | D:5      | Noticed a scorpion
    99 | D:5      | Killed a scorpion
   100 | D:5      | Reached XP level 4. HP: 32/42 MP: 4/4
   685 | D:4      | Reached skill level 5 in Axes
   685 | D:4      | Reached XP level 5. HP: 41/49 MP: 5/5
   735 | D:4      | Noticed a phantom
   749 | D:4      | Noticed an ogre
   755 | D:4      | Killed a phantom
   760 | D:4      | Mangled by an ogre

Illustrated notes

Levels and vault maps discovered:
D:4:      layout_loops_corners, minmay_temple_entry_tees
D:5:      layout_loops_ring

Skill      XL: |  1  2  3  4 |
---------------+-------------+-----
Axes           | 3 4 5 |  5.8
Fighting       | |  3.0
Dodging        | |  1.5
Stealth        | |  7.2

Action                     |  1- 3 |  4- 6 || total
---------------------------+-------+-------++-------
  Melee: Hand axe          |    14 |    38 ||    52
Ability: Spit Poison       |     3 |     4 ||     7
    Use: Scroll            |       |     2 ||     2
         Potion            |       |     2 ||     2
   Stab: Sleeping          |       |     4 ||     4
 Armour: Leather armour    |    11 |    30 ||    41
  Dodge: Dodged            |     8 |    14 ||    22

Table legend: (Time is in decaauts)
 A = Elapsed time spent in this place.
 B = Non-inter-level travel time spent in this place.
 C = Inter-level travel time spent in this place.
 D = Time resting spent in this place.
 E = Time spent auto-exploring this place.
 F = Levels seen in this place.
 G = Mean time per level.
                   A        B        C        D        E       F      G
               +--------+--------+--------+--------+--------+-----+--------+
         Total |    962 |    954 |      8 |     83 |    627 |   2 |  481.0 |
       Dungeon |    962 |    954 |      8 |     83 |    627 |   2 |  481.0 |
               +--------+--------+--------+--------+--------+-----+--------+

Top non-repeatable levels by time:
     D:4: 756 daAuts
     D:5: 205 daAuts
